 Dungeon Crawl Stone Soup version 0.24-a0-809-g71cb82dfb8 (webtiles) character file.

Game seed: 5701234155541053411, levelgen mode: deterministic

454 Kohma the Magician (level 7, -10/46 HPs)
             Began as a Merfolk Summoner on Oct 11, 2019.
             Was an Initiate of Ashenzari.
             Killed by nerve-wracking pain
             ... invoked by an orc priest
              (13 damage)
             ... on level 5 of the Dungeon.
             The game lasted 00:16:22 (5406 turns).

Kohma the Magician (Merfolk Summoner)               Turns: 5406, Time: 00:16:23

Health: -10/46     AC:  6    Str:  8    XL:     7   Next: 5%
Magic:  11/16      EV: 12    Int: 17    God:    Ashenzari [......]
Gold:   187        SH:  0    Dex: 14    Spells: 12/18 levels left

rFire    . . .     SeeInvis .   f - +1 trident
rCold    . . .     Gourm    .   (no shield)
rNeg     . . .     Faith    .   y - +0 leather armour
rPois    .         Spirit   .   o - +0 helmet
rElec    .         Reflect  .   (no cloak)
rCorr    .         Harm     .   r - +1 pair of gloves
MR       .....                  (no boots)
Stlth    ++........             (no amulet)
HPRegen  0.15/turn              (no ring)
MPRegen  0.15/turn              (no ring)

@: slowed, very slow
A: change form in water, swift swim, stealthy swim
a: Curse Item, Renounce Religion


You were on level 5 of the Dungeon.
You worshipped Ashenzari.
Ashenzari was noncommittal.
You were not hungry.

You visited 1 branch of the dungeon, and saw 5 of its levels.

You collected 187 gold pieces.

Inventory:

Hand Weapons
 f - a +1 trident (weapon)
Missiles
 i - 7 boomerangs of dispersal
 p - 30 poisoned darts
 s - a throwing net (quivered)
Armour
 a - a cursed +0 robe
 e - cursed +0 fire dragon scales
 o - a +0 helmet (worn)
 r - a +1 pair of gloves (worn)
 y - a +0 leather armour (worn)
Jewellery
 h - an uncursed amulet of magic regeneration
Wands
 t - a wand of flame (18)
 w - a wand of disintegration (17)
Scrolls
 b - 2 scrolls of teleportation
 q - a scroll of remove curse
Potions
 d - a potion of magic {unknown}
 g - 2 potions of curing
 l - a potion of ambrosia {unknown}
 m - a potion of invisibility {unknown}
 n - a potion of mutation {unknown}
 u - a potion of lignification {unknown}
 x - a potion of agility {unknown}
Comestibles
 c - 9 rations


   Skills:
 - Level 2.6 Dodging
 - Level 2.1 Stealth
 - Level 6.1 Spellcasting
 + Level 5.1 Summonings


You had 12 spell levels left.
You knew the following spells:

 Your Spells              Type           Power        Failure   Level  Hunger
a - Summon Small Mammal   Summ           ###.         2%          1    None
b - Call Imp              Summ           ###.....     3%          2    None
c - Call Canine Familiar  Summ           ###.....     7%          3    ##.....

Your spell library contained the following spells:

 Spells                   Type           Power        Failure   Level  Hunger
 Summon Guardian Golem    Hex/Summ       ##......     19%         3    ##.....
 Summon Ice Beast         Ice/Summ       ##......     54%         4    ####...
 Summon Lightning Spire   Summ/Air       ##......     54%         4    ####...


Dungeon Overview and Level Annotations

Branches:
Dungeon (5/15)
 Temple: D:4-7

Altars:
Ashenzari
Ru
Sif Muna

Annotations:
D:5 Menkaure


Message History

The orc priest begins to cast a cantrip, but forgets the words!
The orc wizard casts a spell at you. The magic dart hits you.
* * * LOW HITPOINT WARNING * * *
Your white imp hits the orc priest but does no damage.
Casting: Call Imp (safe; 3% risk of failure)
Confirm with . or Enter, or press ? or * to list all spells.
A beastly little devil appears in a puff of flame.
Your white imp gestures at the orc.
The puff of frost misses the orc.
Your white imp gestures at the orc priest.
The puff of frost misses the orc priest.
The puff of frost hits you.
* * * LOW HITPOINT WARNING * * *
Your white imp hits the orc.
Your white imp freezes the orc.
The orc hits your white imp with a +1 antimagic mace!
Your white imp's magic leaks into the air.
The orc priest calls down the wrath of Beogh upon you.
Pain shoots through your body!
You die...

*,,*,,,,,,,,,,*
###..#.......,,,*
##...........,,#**
##...........##.#*,
##**#.....#..........,,
##...#................,*
#....#..5.....##......,*
*#...........#.......>,*
*,,*#..@..............,,
**,,*#...o......##.....,*
**,,,#.#....o...........,*
*,,,..,#..5o5.####......,,
*****,..##..#...o.###*...#.,,,
**,**,,.,...%####....#**..#*,,,
**,,*,,,,,............#,,...#*,,
*,,,,,,,,,.......##......#...,,,
**,,**,***#....!#*###...##*,,,,,


You could see an orc priest, an orc wizard, 2 orcs, a friendly crimson imp and 2
friendly white imps.

Vanquished Creatures
  A hound (D:4)
  Jessica (D:3)
  Terence (D:2)
  An adder (D:4)
  An adder skeleton (D:4)
  A dart slug (D:3)
  2 leopard geckos
  An orc (D:3)
  A ball python (D:1)
  A bat (D:2)
  2 giant cockroaches (D:3)
  4 goblins (D:3)
  A hobgoblin (D:3)
  5 kobolds
  2 frilled lizards (D:3)
  4 rats
29 creatures vanquished.

Vanquished Creatures (collateral kills)
  Sigmund (D:2)
  An ogre (D:4)
  A centaur (D:4)
  A scorpion (D:4)
  2 hounds (D:4)
  4 orc wizards
  2 worker ants (D:4)
  Robin (D:3)
  3 gnolls (D:4)
  3 adders (D:4)
  2 worms (D:3)
  2 dart slugs
  2 leopard geckos (D:1)
  An orc (D:4)
  5 giant cockroaches
  7 goblins
  5 hobgoblins
  3 jackals (D:2)
  8 kobolds
  2 quokkas (D:4)
  4 bats
  9 frilled lizards
  3 rats
72 creatures vanquished.

Vanquished Creatures (others)
  An orc (D:4)
1 creature vanquished.

Grand Total: 102 creatures vanquished

Notes
Turn   | Place    | Note
-------+----------+-------------------------------------------
     0 | D:1      | Kohma the Merfolk Summoner began the quest for the Orb.
     0 | D:1      | Reached XP level 1. HP: 13/13 MP: 3/3
   528 | D:1      | Reached XP level 2. HP: 19/19 MP: 0/5
   532 | D:1      | Learned a level 2 spell: Call Imp
  1191 | D:1      | Reached skill level 3 in Spellcasting
  1231 | D:2      | Noticed Sigmund
  1376 | D:2      | Killed Sigmund
  1376 | D:2      | Reached skill level 4 in Spellcasting
  1376 | D:2      | Reached XP level 3. HP: 20/24 MP: 0/8
  1376 | D:2      | Reached XP level 4. HP: 25/30 MP: 0/10
  1459 | D:2      | Noticed Terence
  1473 | D:2      | Killed Terence
  1667 | D:2      | Found a shimmering blue altar of Sif Muna.
  2056 | D:2      | You fall into a shaft and drop 1 floor!
  2064 | D:3      | Noticed Robin
  2067 | D:3      | Reached XP level 5. HP: 35/35 MP: 4/11
  2078 | D:3      | Killed Robin
  2622 | D:3      | Learned a level 3 spell: Call Canine Familiar
  2665 | D:3      | Reached skill level 5 in Spellcasting
  3326 | D:3      | Noticed Jessica
  3345 | D:3      | Killed Jessica
  3693 | D:4      | Reached XP level 6. HP: 22/41 MP: 2/14
  3885 | D:4      | Found a sacrificial altar of Ru.
  3939 | D:4      | Reached skill level 6 in Spellcasting
  4305 | D:4      | Found a shattered altar of Ashenzari.
  4314 | D:4      | Became a worshipper of Ashenzari the Shackled
  4982 | D:5      | Entered Level 5 of the Dungeon
  5037 | D:5      | Noticed Menkaure
  5056 | D:4      | Reached skill level 5 in Summonings
  5056 | D:4      | Reached XP level 7. HP: 7/46 MP: 3/16
  5406 | D:5      | Killed from afar by an orc priest

Levels and vault maps discovered:
D:1:      minmay_arrival_jagged, layout_basic, minmay_misc_feat_square
D:2:      layout_basic, nicolae_overflow_hidden_temple, uniq_natasha,
          uniq_terence, uniq_sigmund
D:3:      layout_loops_ring, first_ration, minmay_lizard_king, uniq_robin,
          uniq_jessica
D:4:      layout_cave_pods, lemuel_crystal_altar, hangedman_ru_absence
D:5:      layout_cave_pools, lemuel_crystal_altar, roderic_serpentine_path,
          uniq_menkaure

Skill      XL: |  1  2  3  4  5  6 |
---------------+-------------------+-----
Spellcasting   | 4 5 6 |  6.1
Summonings     | 5 |  5.1
Dodging        | |  2.6
Stealth        | |  2.1

Action                   |  1- 3 |  4- 6 |  7- 9 || total
-------------------------+-------+-------+-------++-------
Melee: Unarmed           |    23 |       |       ||    23
       Whip              |    11 |       |       ||    11
       Trident           |       |   115 |       ||   115
       Scythe            |       |     2 |       ||     2
 Cast: Summon Small Mamm |    32 |     7 |       ||    39
       Call Imp          |     8 |    61 |     7 ||    76
       Call Canine Famil |       |     8 |       ||     8
  Use: Potion            |     2 |       |       ||     2
       Scroll            |       |     6 |       ||     6
 Stab: Distracted        |       |     3 |       ||     3
       Sleeping          |       |     1 |       ||     1
  Eat: Chunk             |     2 |    13 |     1 ||    16
Armor: Robe              |    18 |    24 |       ||    42
       Leather armour    |       |       |     2 ||     2
Dodge: Dodged            |    56 |    92 |    11 ||   159

Table legend:
 A = Non-vault XP
 B = Vault XP
 C = Vault XP percentage of total XP
 D = Non-vault monster count
 E = Vault monster count
 F = Vault count percentage of total count
                 A         B        C        D         E       F
            +---------+---------+-------+---------+---------+-------
      Total |     472 |     177 |  27.3 |      80 |      21 |  20.8
            +---------+---------+-------+---------+---------+-------
        D:1 |      24 |       0 |   0.0 |      20 |       0 |   0.0
        D:2 |      15 |     123 |  89.1 |      10 |       2 |  16.7
        D:3 |      69 |      54 |  43.9 |      26 |      19 |  42.2
        D:4 |     344 |       0 |   0.0 |      23 |       0 |   0.0
        D:5 |      20 |       0 |   0.0 |       1 |       0 |   0.0
            +---------+---------+-------+---------+---------+-------
